 Dungeon Crawl Stone Soup version 0.22-a0-580-gd5db89c (webtiles) character file.

1683 wellist the Cleaver (level 9, 0/82 HPs)
             Began as a Hill Orc Berserker on July 3, 2018.
             Was an Elder of Trog.
             Slain by an orc warrior
             ... wielding a +1 dire flail of holy wrath
              (11 damage)
             ... on level 6 of the Dungeon.
             The game lasted 00:30:11 (6694 turns).

wellist the Cleaver (Hill Orc Berserker)            Turns: 6694, Time: 00:30:13

Health: 0/82       AC: 11    Str: 22 (23) XL:     9   Next: 2%
Magic:  9/9        EV:  8    Int:  5 (7)  God:    Trog [****..]
Gold:   374        SH:  0    Dex:  9 (10) Spells: 8/8 levels left

rFire    . . .     SeeInvis .   a - +0 hand axe
rCold    . . .     Gourm    .   (no shield)
rNeg     . . .     Faith    .   b - +1 chain mail "Setzyan" {MR+}
rPois    .         Spirit   .   (no helmet)
rElec    .         Reflect  .   (no cloak)
rCorr    .         Harm     .   (no gloves)
MR       +....                  (no boots)
Stlth    ..........             d - amulet of the acrobat
HPRegen  0.23/turn              (no ring)
MPRegen  0.11/turn              (no ring)

@: no status effects
A: no striking features
a: Berserk, Trog's Hand, Brothers in Arms, Renounce Religion, Convert to Beogh


You were on level 6 of the Dungeon.
You worshipped Trog.
Trog was greatly pleased with you.
You were very hungry.

You visited 1 branch of the dungeon, and saw 8 of its levels.

You collected 374 gold pieces.

Inventory:

Hand Weapons
 a - a +0 hand axe (weapon)
Armour
 b - the +1 chain mail "Setzyan" (worn) {MR+}
   (You found it on level 8 of the Dungeon)

   It affects your resistance to hostile enchantments.
 p - a +1 scale mail
Jewellery
 d - an amulet of the acrobat (around neck)
 x - a +3 ring of evasion {unknown}
Wands
 u - a wand of digging (21)
 w - a wand of paralysis (10)
Scrolls
 f - a scroll of fog {unknown}
 g - a scroll of magic mapping {unknown}
 k - a scroll of enchant armour
 l - 5 scrolls of teleportation
 m - 3 scrolls of identify
 o - 3 scrolls of remove curse {unknown}
 r - a scroll of enchant weapon {unknown}
 t - a scroll of random uselessness {unknown}
 v - a scroll of vulnerability {unknown}
 y - a scroll of amnesia {unknown}
Potions
 e - a potion of mutation {unknown}
 h - 2 potions of curing
 i - a potion of invisibility {unknown}
 j - a potion of resistance {unknown}
 n - 2 potions of might
 s - a potion of brilliance {unknown}
 z - a potion of ambrosia {unknown}
Comestibles
 c - 8 rations
 q - 9 chunks of flesh


   Skills:
 * Level 8.5 Fighting
 * Level 9.3 Axes
 * Level 7.3 Armour
 - Level 1.5 Dodging


You had 8 spell levels left.
You didn't know any spells.
Your spell library was empty.

Dungeon Overview and Level Annotations

Branches:
Dungeon (8/15)
 Temple: D:4-7         Lair: D:8-11

Altars:
Cheibriados
Gozag
Kikubaaqudgha
Qazlal
Trog
Uskayaw
Yredelemnul
Zin
The Shining One

Shops:
D:8 [

Annotations:
D:6 1 runed door, Hebeh's ghost, novice MiFi


Message History

You hit the orc warrior.
The orc warrior is lightly wounded.
The orc wizard casts a cantrip, but nothing happens.
The orc warrior hits you with a dire flail of holy wrath.
You completely miss the orc warrior.
The orc warrior is lightly wounded.
You barely miss the orc warrior.
The orc warrior is lightly wounded.
The orc warrior hits you with a dire flail of holy wrath!
You closely miss the orc warrior.
The orc warrior is lightly wounded.
The orc priest calls upon Beogh to heal the orc warrior.
The orc warrior's wounds heal themselves!
The orc warrior hits you with a dire flail of holy wrath!!
* * * LOW HITPOINT WARNING * * *
Okay, then.
Your ogre goes berserk!
You are feeling very hungry.
The orc warrior hits you with a dire flail of holy wrath!
You die...

..... .... ... #.... #.#
...... #.
######.######.#... #.
##.........^..$.... #.
#............#.## #.
#..#########....##
#.######..# #####o.....#
#.......### #..@oo.......#
#.......#.)$##O###o.....###
##.######.≈.## ##....##
#...#####.≈.# #.#.##
........#.≈.# #...#
....#####.≈W# ###.# .#.##
##+## .# .#.## #...# #
.#..# #..#


You could see an orc warrior, an orc priest, an orc wizard, an orc and a
friendly ogre (berserk).

Vanquished Creatures
  Sigmund (D:4)
  2 sky beasts
  A necrophage (D:5)
  3 ogres
  A crocodile (D:5)
  2 bullfrogs
  A scorpion (D:4)
  A howler monkey (D:4)
  A crimson imp (D:4)
  A centaur zombie (D:7)
  2 quasits (D:7)
  A hound (D:3)
  5 orc priests
  An orc wizard (D:4)
  A bullfrog skeleton (D:5)
  An iron imp (D:8)
  An iguana (D:4)
  2 worker ants (D:4)
  A worker ant zombie (D:6)
  10 adders
  A shadow imp (D:5)
  An ooze (D:2)
  5 dart slugs
  7 leopard geckos
  26 orcs
  6 giant cockroaches
  6 goblins
  4 hobgoblins
  10 jackals
  8 kobolds
  4 quokkas
  3 ball pythons
  6 bats
  12 frilled lizards
  3 goblin skeletons (D:8)
  A goblin zombie (D:8)
  A hobgoblin zombie (D:8)
  2 kobold zombies (D:8)
  An orc skeleton (D:8)
  3 orc zombies (D:8)
  2 quokka skeletons
  8 rats
159 creatures vanquished.

Notes
Turn   | Place    | Note
-------+----------+-------------------------------------------
     0 | D:1      | wellist the Hill Orc Berserker began the quest for the Orb.
     0 | D:1      | Reached XP level 1. HP: 19/19 MP: 1/1
   269 | D:1      | Reached XP level 2. HP: 27/27 MP: 2/2
   811 | D:1      | Reached XP level 3. HP: 33/33 MP: 3/3
  1152 | D:2      | Reached ** piety under Trog
  1489 | D:2      | Reached XP level 4. HP: 40/41 MP: 4/4
  1511 | D:2      | Reached skill level 5 in Axes
  2365 | D:3      | HP: 3/61 [hound (5)]
  2370 | D:3      | Reached XP level 5. HP: 2/47 MP: 5/5
  2378 | D:3      | Reached skill level 5 in Fighting
  2595 | D:3      | Found a bloodstained altar of Trog.
  2929 | D:3      | Found a stormy altar of Qazlal.
  3202 | D:3      | Reached XP level 6. HP: 56/56 MP: 6/6
  3334 | D:4      | Reached skill level 6 in Axes
  3337 | D:4      | Reached *** piety under Trog
  3448 | D:4      | Noticed Sigmund
  3513 | D:4      | Killed Sigmund
  3513 | D:4      | Reached skill level 7 in Axes
  3513 | D:4      | Reached skill level 5 in Armour
  3513 | D:4      | Reached XP level 7. HP: 63/63 MP: 7/7
  3737 | D:4      | Found an opulent altar of Gozag.
  3978 | D:4      | Reached XP level 8. HP: 73/73 MP: 8/8
  4302 | D:4      | Reached skill level 8 in Axes
  4395 | D:5      | Entered Level 5 of the Dungeon
  5013 | D:5      | You fall through a shaft for 3 floors!
  5040 | D:8      | Found Ozoafia's Armour Shoppe.
  5179 | D:7      | Reached **** piety under Trog
  5560 | D:7      | Found a glowing silver altar of Zin.
  5632 | D:7      | Reached skill level 9 in Axes
  5777 | D:7      | HP: 3/74 [orc warrior/battleaxe (18)]
  5781 | D:7      | HP: 1/74 [orc warrior/tomahawk (7)]
  5811 | D:7      | HP: 3/74 [orc warrior/tomahawk (13)]
  6201 | D:8      | Found a glowing golden altar of the Shining One.
  6235 | D:8      | Got an ancient chain mail
  6236 | D:8      | Identified the +1 chain mail "Setzyan" {MR+} (You found it on level 8 of the Dungeon)
  6323 | D:7      | Found a hide-covered altar of Uskayaw.
  6338 | D:7      | Found an ancient bone altar of Kikubaaqudgha.
  6365 | D:7      | Found a snail-covered altar of Cheibriados.
  6403 | D:7      | Found a basalt altar of Yredelemnul.
  6485 | D:6      | Reached XP level 9. HP: 56/82 MP: 9/9
  6616 | D:6      | Found a runed door.
  6620 | D:6      | Noticed Hebeh's ghost (novice MiFi)
  6694 | D:6      | Slain by an orc warrior

Vault maps used:
D:1:      onia_arrival_mini_spirals, minivault_27
D:3:      marbit_many_paths, first_ration, trog_three_pillars_becter
D:4:      grunt_gozag_statues, uniq_sigmund
D:5:      minmay_temple_entry_nine_rooms, serial_shops, shop, uniq_ijyb,
          uniq_prince_ribbit1
D:6:      ebering_ghost_reflecting_pool, minmay_hollow_rounded_squares
D:7:      nicolae_overflow_crystal_walls, nicolae_overflow_quartered_altars,
          ebering_ghost_disaster_area
D:8:      nicolae_tso_besieged_by_evil, serial_shops, kennysheep_little_box,
          minmay_ruined_shrine, uniq_erica

Skill      XL: |  1  2  3  4  5  6  7  8 |
---------------+-------------------------+-----
Fighting       | 4 5 6 7 8 |  8.5
Armour         | 3 4 5 7 |  7.3
Axes           | 5 7 9 |  9.3
Dodging        | |  1.5

Action                   |  1- 3 |  4- 6 |  7- 9 || total
-------------------------+-------+-------+-------++-------
Melee: Hand axe          |   129 |   198 |   330 ||   657
Invok: Berserk           |     2 |     3 |     6 ||    11
       Trog's Hand       |       |     2 |     1 ||     3
       Brothers in Arms  |       |       |     1 ||     1
  Use: Scroll            |       |       |     7 ||     7
       Potion            |       |       |     3 ||     3
  Eat: Chunk             |     4 |     5 |    14 ||    23
       Ration            |       |     1 |     1 ||     2
Armor: Ring mail         |    57 |    20 |       ||    77
       Animal skin       |     2 |       |       ||     2
       Scale mail        |       |    47 |   114 ||   161
       Chain mail        |       |       |    19 ||    19
Dodge: Dodged            |    89 |   106 |   151 ||   346

Table legend:
 A = Spawn XP
 B = Non-spawn XP
 C = Spawn XP percentage of total XP
 D = Spawn monster count
 E = Non-spawn monster count
 F = Spawn count percentage of total count
 G = Total turns spent on level
                    A         B        C        D         E        F      G
               +---------+---------+-------+---------+---------+-------+---------
         Total |       0 |    2405 |   0.0 |       0 |     159 |   0.0 |  6694
               +---------+---------+-------+---------+---------+-------+---------
           D:1 |       0 |      41 |   0.0 |       0 |      23 |   0.0 |  1136
           D:2 |       0 |      85 |   0.0 |       0 |      31 |   0.0 |  1010
           D:3 |       0 |     209 |   0.0 |       0 |      30 |   0.0 |  1477
           D:4 |       0 |    1037 |   0.0 |       0 |      34 |   0.0 |  1081
           D:5 |       0 |     285 |   0.0 |       0 |       8 |   0.0 |   309
           D:6 |       0 |      71 |   0.0 |       0 |       7 |   0.0 |   228
           D:7 |       0 |     471 |   0.0 |       0 |       8 |   0.0 |   881
           D:8 |       0 |     206 |   0.0 |       0 |      18 |   0.0 |   572
               +---------+---------+-------+---------+---------+-------+---------
